 Dungeon Crawl Stone Soup version 0.29-a0-330-g52719c12eb (webtiles) character file.

Game seed: 11037146299702582750

1 Ajdolov the Insei (level 1, -1/9 HPs)
             Began as a Vine Stalker Transmuter on Apr 27, 2022.
             Slain by a goblin
             ... wielding a +0 club
              (3 damage)
             ... on level 1 of the Dungeon.
             The game lasted 00:00:22 (108 turns).

Ajdolov the Insei (Vine Stalker Transmuter)          Turns: 108, Time: 00:00:22

Health: -1/9       AC:  2    Str: 12    XL:     1   Next: 20%
Magic:  0/4        EV: 12    Int: 13    God:
Gold:   11         SH:  0    Dex: 14    Spells: 3/4 levels left

rFire   . . .      SeeInvis .     - Unarmed
rCold   . . .      Faith    .   (no shield)
rNeg    . . .      Spirit   +   a - +0 robe
rPois   .          Reflect  .   (no helmet)
rElec   .          Harm     .   (no cloak)
rCorr   .          Rampage  .   (no gloves)
Will    .....                   (no boots)
Stlth   +.........              (no amulet)
HPRegen 0.03/turn               (no ring)
MPRegen 0.09/turn               (no ring)

@: no status effects
A: fangs 2, magic shield, antimagic bite, no potion heal 2
a: no special abilities


You were on level 1 of the Dungeon.
You visited 1 branch of the dungeon, and saw 1 of its levels.

You collected 11 gold pieces.

Inventory:

Armour
 a - a +0 robe (worn)
Potions
 b - a potion of lignification


   Skills:
 + Level 0.9 Fighting
 - Level 1.5 Dodging
 * Level 3.0 Unarmed Combat
 - Level 2.1 Spellcasting
 - Level 2.0 Transmutations


You had 3 spell levels left.
You knew the following spells:

 Your Spells              Type           Power      Damage    Failure   Level
a - Beastly Appendage     Tmut           12%        N/A       11%         1

Your spell library contained the following spells:

 Spells                   Type           Power      Damage    Failure   Level
 Wereblood                Tmut           6%         N/A       17%         2
 Spider Form              Tmut/Pois      4%         N/A       45%         3
 Ice Form                 Ice/Tmut       4%         N/A       86%         4


Dungeon Overview and Level Annotations

Branches:
Dungeon (1/15)

Altars:


Innate Abilities, Weirdness & Mutations

You have extremely sharp teeth.
When hurt, damage is shared between your health and your magic reserves.
Your bite disrupts and absorbs the magic of your enemies.
Potions cannot restore your health.


Message History

Welcome, Ajdolov the Vine Stalker Transmuter.
Are you destined to find the astounding Orb of Zot, or to die trying?
Press ? for a list of commands and other information.
Found a staircase leading out of the dungeon.
Okay, then.
Found an escape hatch in the floor.
You open the door.
There is an open door here.
You now have 11 gold pieces.
An endoplasm comes into view.
A goblin comes into view. It is wielding a +0 club.
The helpless endoplasm fails to defend itself.
You hit the endoplasm but do no damage.
You bite the endoplasm, but do no damage.
The goblin shouts!
You hear an angry hiss.
The endoplasm freezes you.
You are frozen.
You hit the endoplasm but do no damage.
You bite the endoplasm, but do no damage.
The endoplasm closely misses you. The goblin hits you but does no damage.
You hit the endoplasm but do no damage. You hit the endoplasm.
The endoplasm is heavily wounded.
The endoplasm freezes you.
You are frozen.
The goblin hits you with a +0 club.
You hit the endoplasm. Your bite misses the endoplasm.
The endoplasm is severely wounded.
The endoplasm hits you.
* * * LOW HITPOINT WARNING * * *
The goblin closely misses you.
Unknown command.
The endoplasm attacks as you move away! The endoplasm misses you.
A ball python comes into view.
The ball python hisses angrily.
You hit the endoplasm.
You kill the endoplasm!
You barely miss the goblin. The goblin hits you with a +0 club.
You die...

≈......
..≈.......
≈..≈.....
≈..≈.....
≈≈.... ≈≈
....
≈≈.≈###.#####
≈≈≈.....@gS.#
≈#####.###.#
#.# .# #.# ##
#.# #.#######
####
#.......#
#...
#######.#
#.## ###.#
#.##


You could see a goblin and a ball python.

Vanquished Creatures
  An endoplasm (D:1)
1 creature vanquished.

Notes
Turn   | Place    | Note
-------+----------+-------------------------------------------
     0 | D:1      | Ajdolov the Vine Stalker Transmuter began the quest for the
                  | Orb.
     0 | D:1      | Reached XP level 1. HP: 9/9 MP: 4/4
   108 | D:1      | Slain by a goblin

Illustrated notes

Levels and vault maps discovered:
D:1:      amcnicky_arrival_flooded_fountain, layout_basic,
          chequers_serial_rivers_small_3, st_stairs_7

Action                   || total
-------------------------++-------
Melee: Unarmed           ||     7
       Bite              ||     2
 Stab: Sleeping          ||     1
Armor: Robe              ||     1
Dodge: Dodged            ||     3

Table legend: (Time is in decaauts)
 A = Elapsed time spent in this place.
 B = Non-inter-level travel time spent in this place.
 C = Inter-level travel time spent in this place.
 D = Time resting spent in this place.
 E = Time spent auto-exploring this place.
 F = Levels seen in this place.
 G = Mean time per level.
                   A        B        C        D        E       F      G
               +--------+--------+--------+--------+--------+-----+--------+
         Total |    107 |    107 |      0 |      0 |     95 |   1 |  107.0 |
       Dungeon |    107 |    107 |      0 |      0 |     95 |   1 |  107.0 |
               +--------+--------+--------+--------+--------+-----+--------+

Top non-repeatable levels by time:
     D:1: 107 daAuts
